 Dungeon Crawl Stone Soup version 0.28.0 (webtiles) character file.

Game seed: 4600235237668538451

72 HallandMoats the Ruffian (level 4, -1/40 HPs)
             Began as a Ghoul Monk on Feb 12, 2022.
             Was a Priest of Trog.
             Slain by Sigmund (11 damage)
             ... on level 2 of the Dungeon.
             The game lasted 00:01:29 (1890 turns).

HallandMoats the Ruffian (Ghoul Monk)               Turns: 1890, Time: 00:01:29

Health: -1/40      AC:  2    Str: 16    XL:     4   Next: 26%
Magic:  3/3        EV: 12    Int:  5    God:    Trog [***...]
Gold:   84         SH:  0    Dex: 11    Spells: 3/3 levels left

rFire   . . .      SeeInvis .     - Unarmed
rCold   + . .      Faith    .   (no shield)
rNeg    + + +      Spirit   .   a - +0 robe
rPois   ∞          Reflect  .   (no helmet)
rElec   .          Harm     .   (no cloak)
rCorr   .          Rampage  .   (no gloves)
Will    .....                   (no boots)
Stlth   +.........              (no amulet)
HPRegen 0.00/turn               (no ring)
MPRegen 0.08/turn               (no ring)

@: confused, inhibited regen
A: claws 1, cold resistance 1, negative energy resistance 3, inhibited
regeneration, torment resistance 2
a: Renounce Religion, Trog's Hand


You were on level 2 of the Dungeon.
You worshipped Trog.
Trog was most pleased with you.
You visited 1 branch of the dungeon, and saw 2 of its levels.

You collected 84 gold pieces.

Inventory:

Armour
 a - a +0 robe (worn)
Wands
 j - a wand of digging (3)
Scrolls
 b - a scroll of identify {unknown}
 c - a scroll of teleportation {unknown}
 d - a scroll of torment {unknown}
 f - a scroll of magic mapping {unknown}
 h - a scroll of fog {unknown}
 i - a scroll of noise {unknown}
Potions
 e - a potion of berserk rage {unknown}
 g - a potion of resistance {unknown}


   Skills:
 * Level 3.8 Fighting
 * Level 1.3 Armour
 * Level 3.1 Dodging
 - Level 2.1 Stealth
 * Level 3.9 Unarmed Combat
 + Level 1.1 Invocations


You had 3 spell levels left.
You didn't know any spells.
Your spell library was empty.

Dungeon Overview and Level Annotations

Branches:
Dungeon (2/15)

Altars:
Trog

Annotations:
D:2 1 runed translucent door, Crazy Yiuf, Sigmund


Innate Abilities, Weirdness & Mutations

You thrive by killing the living.
You are immune to poison.
You have sharp fingernails.
Your flesh is cold resistant. (rC+)
You are immune to negative energy. (rN+++)
You do not regenerate when monsters are visible.
You are immune to unholy pain and torment.


Message History

Found a robe.
You see here a +0 robe.
Sigmund the Dreaded comes into view.
He is wielding a +0 scythe.
Sigmund shouts!
Sigmund casts a spell.
Sigmund flickers and vanishes!
Deactivating autopickup; reactivate with Ctrl-A.
There is a strange disturbance nearby!
There is a strange disturbance nearby!
There is a strange disturbance nearby!
There is a strange disturbance nearby!
No target in view!
You swing at nothing.
Something tries to affect you, but you resist.
You swing at nothing.
You swing at nothing.
You swing at nothing.
You hear some strange, mumbled words.
Something tries to affect you, but you resist.
You swing at nothing.
A magic dart appears from out of thin air!
The magic dart hits you.
You swing at nothing.
Something hits you.
You swing at nothing.
You swing at nothing.
You hear some strange, mumbled words.
Something tries to affect you, but you resist.
You swing at nothing.
Something hits you!
You swing at nothing.
Something hits you.
You miss something.
You hear some strange, mumbled words.
You are confused.
You bump into the rock wall.
Something hits you!
* * * LOW HITPOINT WARNING * * *
You bump into the rock wall.
You closely miss something. Something hits you.
* * * LOW HITPOINT WARNING * * *
You bump into the rock wall.
Something hits you!
You die...

### ###.#..#.######
######## ### ##### #.#
#.#.# ### #.###.#.# ..
######.#...#.# .#
........###.[#####.#####
######.## ##...{@......#
# #.## ##.####.###.# #
#. #..# .# # #. #.## ..
# ## #{## ### # #..
###### ..#. .....#
####+## ####.# ##...##


There were no monsters in sight!

Vanquished Creatures
  A hound (D:2)
  A worm (D:2)
  2 dart slugs (D:1)
  4 endoplasms (D:1)
  3 giant cockroaches (D:1)
  6 goblins
  2 hobgoblins (D:1)
  A jackal (D:2)
  2 kobolds
  2 quokkas
  2 bats (D:1)
  3 frilled lizards
  4 rats
33 creatures vanquished.

Notes
Turn   | Place    | Note
-------+----------+-------------------------------------------
     0 | D:1      | HallandMoats the Ghoul Monk began the quest for the Orb.
     0 | D:1      | Reached XP level 1. HP: 19/19 MP: 0/0
   224 | D:1      | Reached XP level 2. HP: 26/26 MP: 1/1
   517 | D:1      | Reached XP level 3. HP: 13/31 MP: 2/2
   698 | D:1      | Found a faded altar of an unknown god.
   740 | D:1      | Prayed at the altar of an unknown god.
   740 | D:1      | Became a worshipper of Trog the Wrathful
   740 | D:1      | Reached * piety under Trog
   740 | D:1      | Reached ** piety under Trog
   777 | D:1      | Reached skill level 1 in Armour
  1328 | D:2      | Reached skill level 1 in Invocations
  1328 | D:2      | Reached XP level 4. HP: 26/40 MP: 3/3
  1562 | D:2      | Reached *** piety under Trog
  1661 | D:2      | Found a runed translucent door.
  1662 | D:2      | Noticed Crazy Yiuf
  1868 | D:2      | Noticed Sigmund
  1890 | D:2      | Slain by Sigmund

Illustrated notes

Levels and vault maps discovered:
D:1:      mainiacjoe_arrival_reflecting_pool, layout_basic,
          hellmonk_ecumenical_altar_leap_of_faith, hangedman_decor_peaks_small
D:2:      layout_loops_corners, minmay_misc_feat_tower, uniq_sigmund,
          uniq_crazy_yiuf_cottage

Skill      XL: |  1  2  3 |
---------------+----------+-----
Armour         | 1 |  1.3
Dodging        | 3 |  3.1
Invocations    | 1 |  1.1
Fighting       | |  3.8
Stealth        | |  2.1
Unarmed Combat | |  3.9

Action                   |  1- 3 |  4- 6 || total
-------------------------+-------+-------++-------
Melee: Unarmed           |    92 |    10 ||   102
       Punch             |     3 |       ||     3
 Stab: Sleeping          |     1 |       ||     1
Armor: Robe              |    14 |       ||    14
Dodge: Dodged            |    53 |     5 ||    58
